 Dungeon Crawl Stone Soup version 0.23.2-40-g277498a001 (webtiles) character file.

Game seed: 897107545703209123

554 Kikorro the Chopper (level 7, -2/60 HPs)
             Began as a Hill Orc Fighter on Sept 22, 2019.
             Killed from afar by an orc wizard (9 damage)
             ... with a magic dart
             ... on level 4 of the Dungeon.
             The game lasted 00:10:40 (3750 turns).

Kikorro the Chopper (Hill Orc Fighter)              Turns: 3750, Time: 00:10:41

Health: -2/60      AC: 13    Str: 18 (21) XL:     7   Next: 30%
Magic:  7/7        EV:  5    Int:  5 (8)  God:
Gold:   193        SH: 10    Dex:  8 (10) Spells: 6/6 levels left

rFire    . . .     SeeInvis .   v - +1 war axe (venom)
rCold    . . .     Gourm    .   c - +1 shield
rNeg     . . .     Faith    .   n - +0 chain mail
rPois    .         Spirit   .   k - +2 helmet
rElec    .         Reflect  .   (no cloak)
rCorr    .         Harm     .   (no gloves)
MR       .....                  (no boots)
Stlth    ..........             (no amulet)
HPRegen  0.20/turn              t - ring of flight
MPRegen  0.10/turn              (no ring)

@: no status effects
A: no striking features
a: Evoke Flight


You were on level 4 of the Dungeon.
You were hungry.

You visited 1 branch of the dungeon, and saw 4 of its levels.

You collected 193 gold pieces.

Inventory:

Hand Weapons
 v - a +1 war axe of venom (weapon)
Armour
 c - a +1 shield (worn)
 k - a +2 helmet (worn)
 n - a +0 chain mail (worn)
 u - a +0 ring mail of poison resistance
Jewellery
 t - a ring of flight (left hand)
Wands
 q - a wand of acid (5)
Scrolls
 b - 3 scrolls of remove curse
 h - a scroll of enchant armour
 i - a scroll of blinking {unknown}
 j - a scroll of identify {unknown}
 p - a scroll of enchant weapon {unknown}
 r - a scroll of random uselessness {unknown}
 s - a scroll of fog {unknown}
Potions
 d - a potion of might
 e - a potion of heal wounds {unknown}
 g - a potion of brilliance {unknown}
 l - a potion of lignification {unknown}
 m - a potion of mutation {unknown}
 o - a potion of degeneration
Comestibles
 f - 3 rations


   Skills:
 + Level 4.8 Fighting
 + Level 6.2 Axes
 + Level 4.9 Armour
 + Level 1.1 Dodging
 + Level 5.5 Shields


You had 6 spell levels left.
You didn't know any spells.
Your spell library was empty.

Dungeon Overview and Level Annotations

Branches:
Dungeon (4/15)
 Temple: D:4-7

Altars:
Nemelex Xobeh


Message History

* * * LOW HITPOINT WARNING * * *
It was a potion of degeneration.
There was something very wrong with that liquid.
You feel weakened.
You feel dopey.
You feel clumsy. You block the orc priest's attack.
You closely miss the orc priest.
The orc priest is severely wounded.
You hit the orc wizard but do no damage.
The orc wizard is poisoned.
The orc priest threatens, "By the altar or by the axe, you will meet Beogh!"
You kill the orc priest!
You block the orc wizard's attack. x2
The orc wizard gestures at you while chanting.
The magic dart hits you but does no damage.
The orc wizard gestures at you while chanting.
The magic dart hits you.
* * * LOW HITPOINT WARNING * * *
The orc wizard gestures at you while chanting.
The magic dart hits you!
You die...

.o... #..# o..... ##.##
....... #..# #.......
##.## #........ #o.# #..##
##..# #..## #.@.#
################..#
#............# #..##
#............# ##..#
#............# #..#
#............# ##.##
#............#####..#####
#............#............
#..........(.#.####..####.


You could see an orc wizard.

Vanquished Creatures
  Sigmund (D:4)
  An ogre (D:4)
  3 orc priests (D:4)
  Terence (D:2)
  A worker ant (D:4)
  6 adders
  2 oozes
  2 worms
  2 dart slugs
  2 leopard geckos (D:2)
  6 orcs
  A ball python (D:2)
  3 giant cockroaches
  11 goblins
  6 hobgoblins
  12 jackals
  11 bats
  2 frilled lizards (D:1)
  8 kobolds
  9 rats
90 creatures vanquished.

Notes
Turn   | Place    | Note
-------+----------+-------------------------------------------
     0 | D:1      | Kikorro the Hill Orc Fighter began the quest for the Orb.
     0 | D:1      | Reached XP level 1. HP: 19/19 MP: 1/1
    57 | D:1      | Reached XP level 2. HP: 23/27 MP: 2/2
   505 | D:1      | Reached skill level 3 in Axes
   797 | D:1      | Reached XP level 3. HP: 33/33 MP: 3/3
   877 | D:1      | Found a sparkling altar of Nemelex Xobeh.
  1407 | D:2      | Reached XP level 4. HP: 34/40 MP: 4/4
  1462 | D:2      | Noticed Terence
  1507 | D:2      | Killed Terence
  2040 | D:2      | Reached skill level 4 in Axes
  2280 | D:3      | Reached XP level 5. HP: 47/47 MP: 5/5
  3402 | D:4      | Noticed Sigmund
  3518 | D:4      | Noticed an ogre
  3541 | D:4      | Killed an ogre
  3541 | D:4      | Reached skill level 5 in Axes
  3541 | D:4      | Reached XP level 6. HP: 35/53 MP: 6/6
  3715 | D:4      | Reached skill level 5 in Shields
  3727 | D:4      | Killed Sigmund
  3727 | D:4      | Reached skill level 6 in Axes
  3727 | D:4      | Reached skill level 1 in Dodging
  3727 | D:4      | Reached XP level 7. HP: 45/60 MP: 7/7
  3750 | D:4      | Killed from afar by an orc wizard

Skill      XL: |  1  2  3  4  5  6 |
---------------+-------------------+-----
Axes           | 3 4 5 6 |  6.2
Fighting       | 4 |  4.8
Shields        | 4 5 |  5.5
Armour         | 4 |  4.9
Dodging        | 1 |  1.1

Action                   |  1- 3 |  4- 6 |  7- 9 || total
-------------------------+-------+-------+-------++-------
Melee: War axe           |   119 |   234 |    10 ||   363
  Use: Scroll            |       |     2 |       ||     2
       Potion            |       |       |     1 ||     1
  Eat: Chunk             |     2 |     7 |       ||     9
Armor: Scale mail        |    66 |    20 |       ||    86
       Chain mail        |       |   116 |     7 ||   123
Dodge: Dodged            |    47 |    46 |     1 ||    94
Block: Shield            |    69 |   148 |     7 ||   224
